 Dungeon Crawl Stone Soup version 0.30.1-9-gdf580d7c3d (webtiles) character file.

Game seed: 15071224416016086290

209 KittyFluff the Trooper (level 5, -9/34 HPs)
             Began as a Gargoyle Berserker on Oct 19, 2023.
             Was a Believer of Trog.
             Killed by divine providence
             ... invoked by an orc priest
              (13 damage)
             ... on level 4 of the Dungeon.
             The game lasted 00:10:21 (2503 turns).

KittyFluff the Trooper (Gargoyle Berserker)         Turns: 2503, Time: 00:10:22

Health: -9/34      AC:  7    Str: 22    XL:     5   Next: 87%
Magic:  5/5        EV: 12    Int:  8    God:    Trog [**....]
Gold:   169        SH:  0    Dex:  9    Spells: 4/4 levels left

rFire   . . .        a - +0 mace
rCold   . . .        (no shield)
rNeg    + . .        s - +0 leather armour
rPois   ∞            (no helmet)
rElec   +            (no cloak)
rCorr   .            (no gloves)
SInv    .            (no boots)
Will    .....        n - amulet of the acrobat
Stlth   +            (no ring)
HPRegen 0.25/turn    (no ring)
MPRegen 0.09/turn

%: acrobat
@: no status effects
A: sickness immunity, AC +4, negative energy resistance 1, electricity
resistance, torment resistance 1, petrification resistance
a: Renounce Religion, Berserk, Trog's Hand


You were on level 4 of the Dungeon.
You worshipped Trog.
Trog was pleased with you.
You visited 1 branch of the dungeon, and saw 4 of its levels.

You collected 169 gold pieces.

Inventory:

Hand Weapons
 a - a +0 mace (weapon)
 c - a +0 sling
 m - the +5 sling of Context {drain, Fragile +Blink MP+9 SInv}
   (You found it on level 3 of the Dungeon)

   MP:        It affects your magic capacity (+9).
   SInv:      It lets you see invisible.
   +Blink:    It lets you blink.
   Fragile:   It will be destroyed if unequipped.
Missiles
 i - 4 poisoned darts (quivered)
 k - 6 javelins
Armour
 s - a +0 leather armour (worn)
Jewellery
 n - an amulet of the acrobat (around neck)
Wands
 t - a wand of flame (10)
Scrolls
 d - a scroll of torment {unknown}
 e - 2 scrolls of identify
 f - a scroll of vulnerability {unknown}
 g - a scroll of enchant weapon {unknown}
 h - a scroll of magic mapping {unknown}
 l - a scroll of noise
 o - a scroll of teleportation {unknown}
 q - a scroll of amnesia {unknown}
 r - a scroll of fog
Potions
 j - a potion of heal wounds {unknown}
 p - a potion of might {unknown}


   Skills:
 + Level 4.4 Fighting
 + Level 4.1 Maces & Flails
 + Level 3.7 Armour
 + Level 2.7 Dodging


You had 4 spell levels left.
You didn't know any spells.
Your spell library was empty.

Dungeon Overview and Level Annotations

Branches:
Dungeon (4/15)
 Temple: D:4-7

Altars:
Ashenzari


Innate Abilities, Weirdness & Mutations

You are immune to sickness and miasma.
Your stone body is resilient. (AC +4)
You are immune to poison.
You resist negative energy. (rN+)
You are resistant to electric shocks. (rElec)
You are resistant to unholy torment.
You are immune to petrification.


Message History

The sleepcap releases spores at you. x2
You hit the sleepcap.
You destroy the sleepcap!
Trog accepts your kill.
You start resting.
HP restored.
Found a book of Unlife.
A black bear comes into view.
The black bear growls angrily.
An orc priest and an orc come into view.
The orc is wielding a +3 war axe of freezing.
The orc shouts!
An orc priest comes into view. It is wielding a +0 flail.
The orc priest mumbles some strange prayers to Beogh against you.
Beogh smites you!
You hear a shout!
Found a brown potion.
The orc priest calls down the wrath of Beogh upon you.
Beogh smites you!
You sock the black bear!
The black bear is moderately wounded.
The black bear misses you. The black bear claws you.
* * * LOW HITPOINT WARNING * * *
The black bear closely misses you.
As you read the scroll labelled COGRIWK CESITH, it crumbles to dust.
You hear a loud clanging noise!
It was a scroll of noise.
You hear a shout! x2; You hear an angry hiss. x2; You hear a shout!
You hear an angry hiss.
The orc priest mumbles some strange prayers to Beogh against you.
Beogh smites you!
* * * LOW HITPOINT WARNING * * *
The black bear misses you. The black bear barely misses you.
The black bear closely misses you.
As you read the scroll labelled UFAJAICOPO, it crumbles to dust.
It is a scroll of identify.
r - a scroll of fog The orc priest calls down the wrath of Beogh upon you.
Beogh smites you!
You die...

#..#...###.....##.####.....
##..o.## #........# ##....
#...#..###........# #....
#..###..###.......# ##...
#... ##o..#.......# #...
#.....###...........# #...
#...........o.#....:..#
##..
...###..!....#h##...#..#
#.. ... ##...####@###......
.. #..# #.# .... #.# ...
#.# #.. ... .## #


You could see a black bear, 2 orc priests and an orc.

Vanquished Creatures
  A black bear (D:4)
  A sleepcap (D:4)
  3 adders (D:3)
  2 worms (D:2)
  5 endoplasms
  3 giant cockroaches
  4 goblins
  5 hobgoblins
  10 jackals (D:2)
  2 kobolds
  2 quokkas
  5 ball pythons
  3 bats
  2 frilled lizards (D:3)
  4 rats
52 creatures vanquished.

Notes
Turn   | Place    | Note
-------+----------+-------------------------------------------
     0 | D:1      | KittyFluff the Gargoyle Berserker began the quest for the
                  | Orb.
     0 | D:1      | Reached XP level 1. HP: 14/14 MP: 1/1
   239 | D:1      | Reached XP level 2. HP: 19/19 MP: 2/2
   277 | D:1      | You fall into a shaft and drop 1 floor!
   649 | D:2      | Reached XP level 3. HP: 22/23 MP: 3/3
   711 | D:2      | Reached ** piety under Trog
  1213 | D:3      | Identified the +5 sling of Context {drain, Fragile +Blink
                  | MP+9 SInv}
  1358 | D:3      | Reached XP level 4. HP: 28/29 MP: 4/4
  1481 | D:3      | Found a faded altar of an unknown god.
  1489 | D:3      | Found a broken altar of Ashenzari.
  1754 | D:3      | Found a faded altar of an unknown god.
  2184 | D:4      | Noticed a black bear
  2200 | D:4      | Killed a black bear
  2201 | D:4      | Reached XP level 5. HP: 17/34 MP: 5/5
  2489 | D:4      | Noticed a black bear
  2503 | D:4      | Killed from afar by an orc priest

Illustrated notes

Levels and vault maps discovered:
D:1:      dpeg_arrival_lava_altar, layout_basic, serial_corexii_hall,
          chequers_hall_statues_corner_a, corexii_hall_statues_u
D:2:      layout_loops_ring, nicolae_kite_square_tiling_tiny
D:3:      layout_basic, nicolae_overflow_ecumenical_swirl,
          ebering_ecumenical_altar_abandoned, st_stairs_7
D:4:      layout_layer_cave

Skill      XL: |  1  2  3  4 |
---------------+-------------+-----
Dodging        | 2 |  2.7
Armour         | 3 |  3.7
Fighting       | 4 |  4.4
Maces & Flails | 4 |  4.1

Action                     |  1- 3 |  4- 6 || total
---------------------------+-------+-------++-------
  Melee: Mace              |   115 |    66 ||   181
         Punch             |       |     1 ||     1
    Use: Scroll            |       |     2 ||     2
 Armour: Animal skin       |    41 |    12 ||    53
         Leather armour    |       |    16 ||    16
  Dodge: Dodged            |    78 |    71 ||   149
